 Dungeon Crawl Stone Soup version 0.29.1-15-g9cfb28693d (webtiles) character file.

Game seed: 15494229512150320753

46291 raph the Severer (level 14, -3/127 HPs)
             Began as a Hill Orc Berserker on Mar 31, 2023.
             Was a High Priest of Trog.
             Slain by a deep troll (9 damage)
             ... on level 1 of the Orcish Mines.
             The game lasted 00:27:09 (24642 turns).

raph the Severer (Hill Orc Berserker)              Turns: 24642, Time: 00:27:09

Health: -3/127     AC: 28    Str: 23    XL:     14   Next: 36%
Magic:  14/14      EV: 14    Int:  7    God:    Trog [*****.]
Gold:   1742       SH:  0    Dex: 15    Spells: 13/13 levels left

rFire   . . .      SeeInvis +   a - +6 battleaxe
rCold   + . .      Faith    .   (shield currently unavailable)
rNeg    . . .      Spirit   .   R - +6 scale mail "Gacoego" {rPois Will++ Dex-5 SInv}
rPois   +          Reflect  .   S - +1 helmet of the Endless Expanse {rC+ rCorr Str+2}
rElec   .          Harm     .   C - +2 cloak
rCorr   +          Rampage  .   (no gloves)
Will    +++..                   u - +2 pair of boots
Stlth   ..........              (no amulet)
HPRegen 0.31/turn               y - +6 ring of dexterity
MPRegen 0.14/turn               l - +4 ring of protection

@: on berserk cooldown, slowed, studying Throwing, very slow
A: no striking features
a: Renounce Religion, Berserk, Trog's Hand, Brothers in Arms


You were on level 1 of the Orcish Mines.
You worshipped Trog.
Trog was extremely pleased with you.
You visited 4 branches of the dungeon, and saw 19 of its levels.

You collected 1868 gold pieces.
You spent 126 gold pieces at shops.

Inventory:

Hand Weapons
 a - a +6 battleaxe (weapon)
 b - a +2 longbow of flaming
 w - a +0 war axe of flaming
 Q - a +2 sling of flaming
Missiles
 v - 12 boomerangs (quivered)
 E - 15 poisoned darts
 H - 4 curare-tipped darts
 V - a throwing net
Armour
 p - a +2 helmet of intelligence
 u - a +2 pair of boots (worn)
 C - a +2 cloak (worn)
 J - the +2 scale mail of Action {rC+}
   (You found it on level 11 of the Dungeon)

   rC:        It protects you from cold.
 R - the +6 scale mail "Gacoego" (worn) {rPois Will++ Dex-5 SInv}
   (You found it on level 5 of the Lair of Beasts)

   Dex:       It affects your dexterity (-5).
   rPois:     It protects you from poison.
   SInv:      It lets you see invisible.
   Will:      It greatly increases your willpower.
 S - the +1 helmet of the Endless Expanse (worn) {rC+ rCorr Str+2}
   (You found it on level 5 of the Lair of Beasts)

   Str:       It affects your strength (+2).
   rC:        It protects you from cold.
   rCorr:     It protects you from acid and corrosion.
Jewellery
 h - a ring of willpower
 j - a ring of poison resistance
 l - a +4 ring of protection (right hand)
 r - a +6 ring of strength
 y - a +6 ring of dexterity (left hand)
 O - a ring of protection from fire
 P - a ring of protection from fire
Wands
 m - a wand of digging (6)
 o - a wand of iceblast (3)
 s - a wand of acid (23)
 t - a wand of polymorph (3)
 B - a wand of charming (12)
 F - a wand of flame (45)
Scrolls
 c - 10 scrolls of teleportation
 G - a scroll of identify
 K - a scroll of poison
 L - 3 scrolls of enchant armour
 M - 3 scrolls of butterflies
Potions
 d - a potion of heal wounds
 e - 2 potions of flight
 f - a potion of resistance
 g - 5 potions of attraction
 i - 3 potions of ambrosia
 k - 6 potions of curing
 n - 2 potions of magic
 q - 4 potions of lignification
 x - 3 potions of cancellation
 A - 3 potions of might
 D - 2 potions of mutation
 N - 2 potions of invisibility
Miscellaneous
 I - a box of beasts
 T - a phial of floods
 U - a lightning rod (4/4)


   Skills:
 + Level 12.5 Fighting
 - Level 20.0 Axes
 - Level 5.2 Throwing
 + Level 11.1 Armour
 + Level 8.5 Dodging
 + Level 8.2 Evocations


You had 13 spell levels left.
You didn't know any spells.
Your spell library was empty.

Dungeon Overview and Level Annotations

Branches:
Dungeon (11/15)            Temple (0/1) D:7            Lair (5/5) D:11
 Shoals (0/4) Lair:3        Snake (1/4) Lair:3        Slime (0/5) Lair:4
    Orc (2/2) D:9             Elf (0/3) Orc:2

Altars:
Ashenzari
Cheibriados
Dithmenos
Hepliaklqana
Kikubaaqudgha
Makhleb
Ru
Trog
Vehumet
The Shining One
Beogh

Shops:
D:5 *   D:11 (   Orc:2 =

Annotations:
D:5 3 runed translucent doors, Shozle's ghost, novice DEFE


Message History

You slice the two-headed ogre!!
You kill the two-headed ogre!
Trog accepts your kill.
You closely miss the deep troll.
The deep troll bites you but does no damage.
The deep troll completely misses you.
The deep troll claws you but does no damage.
You slash the deep troll!
The deep troll is lightly wounded.
The deep troll closely misses you. The deep troll barely misses you.
The deep troll closely misses you.
You closely miss the deep troll.
The deep troll is lightly wounded.
The deep troll bites you!!
* * * LOW HITPOINT WARNING * * *
The deep troll claws you but does no damage.
The deep troll claws you.
* * * LOW HITPOINT WARNING * * *
You slash the deep troll!
The deep troll is heavily wounded.
The deep troll bites you but does no damage.
The deep troll claws you but does no damage. x2
You hit the deep troll but do no damage.
The deep troll is moderately wounded.
The deep troll bites you!
* * * LOW HITPOINT WARNING * * *
The deep troll claws you but does no damage.
The deep troll barely misses you.
You hit the deep troll but do no damage.
The deep troll is moderately wounded.
The deep troll bites you.
* * * LOW HITPOINT WARNING * * *
The deep troll claws you but does no damage.
The deep troll barely misses you.
You closely miss the deep troll.
The deep troll is moderately wounded.
The deep troll bites you!
* * * LOW HITPOINT WARNING * * *
The deep troll claws you!
You die...

#................
###..............
#.........#....
##.......####..
###........##...
#...............
###...###.......#
##T†...# ##.....##
#@>....#####.....#
##.)....#.#.......
###....#.........
#.#........###..
####.......##...
#.......###...
##...#### ##..
###.# ##. #.# ##


You could see a deep troll.

Vanquished Creatures
  Nessos (Lair:4)
  4 hydras
  2 boulder beetles (D:11)
  An ogre mage (Orc:2)
  7 two-headed ogres
  A catoblepas (Lair:5)
  Urug (Lair:4)
  Sonja (Lair:4)
  A deep troll (Orc:2)
  A lindwurm (Lair:5)
  An orc knight (Orc:2)
  2 manticores (Lair:5)
  9 elephants
  7 cane toads
  2 torpor snails (Lair:5)
  8 black mambas
  A gargoyle (D:10)
  An unseen horror (D:11)
  2 rime drakes
  7 komodo dragons
  A merfolk (Lair:3)
  6 trolls
  2 hornets (D:9)
  2 polar bears
  7 dream sheep (Lair:5)
  6 blink frogs (Lair:2)
  2 shadows
  A wraith (D:11)
  2 vampires
  6 wyverns
  2 basilisks
  33 yaks
  2 vampire mosquitoes (D:11)
  2 steam dragons
  3 wargs
  Edmund (D:6)
  12 water moccasins
  8 orc warriors
  4 black bears
  12 ogres
  11 wolves (Lair:5)
  6 centaurs
  3 phantoms
  3 kobold brigands
  3 necrophages
  16 bullfrogs
  A gnoll sergeant (D:11)
  2 wyvern zombies (D:6)
  A scorpion (D:5)
  5 wights (D:6)
  21 killer bees
  2 electric eels (Lair:3)
  6 howler monkeys
  4 jellies
  3 centaur zombies (D:6)
  3 hounds
  A gnoll bouda (Orc:2)
  8 orc priests
  A human zombie (D:6)
  An iguana (D:4)
  16 orc wizards
  A killer bee zombie (D:6)
  Robin (D:2)
  10 gnolls
  6 adders
  3 shadow imps
  14 white imps
  3 ufetubi
  3 dart slugs
  40 orcs
  7 bats
  7 endoplasms
  3 giant cockroaches (D:2)
  16 goblins
  10 hobgoblins
  A jackal (D:3)
  14 kobolds
  2 quokkas
  8 ball pythons
  7 frilled lizards
  8 rats
  A butterfly (D:7)
456 creatures vanquished.

Vanquished Creatures (collateral kills)
  A lindwurm (Lair:5)
  A cane toad (Lair:5)
  A rime drake (Lair:5)
3 creatures vanquished.

Vanquished Creatures (others)
  13 fungi
  32 plants
45 creatures vanquished.

Grand Total: 504 creatures vanquished

Notes
Turn   | Place    | Note
-------+----------+-------------------------------------------
     0 | D:1      | raph the Hill Orc Berserker began the quest for the Orb.
     0 | D:1      | Reached XP level 1. HP: 19/19 MP: 1/1
   142 | D:1      | Reached XP level 2. HP: 22/26 MP: 2/2
   544 | D:1      | Reached skill level 5 in Axes
   565 | D:1      | Reached XP level 3. HP: 27/31 MP: 3/3
  1368 | D:2      | Reached skill level 6 in Axes
  1741 | D:2      | Reached ** piety under Trog
  1743 | D:2      | Identified the +11 trident of Hinulujo {vamp, rN+}
  1985 | D:2      | Reached XP level 4. HP: 39/39 MP: 4/4
  2147 | D:2      | Noticed Robin
  2157 | D:2      | Killed Robin
  2554 | D:3      | Reached skill level 7 in Axes
  2653 | D:3      | Found a bloodstained altar of Trog.
  2690 | D:3      | Reached XP level 5. HP: 38/45 MP: 5/5
  2923 | D:3      | Reached skill level 8 in Axes
  3251 | D:3      | Reached XP level 6. HP: 45/51 MP: 6/6
  4028 | D:4      | Reached skill level 9 in Axes
  4356 | D:4      | Found a radiant altar of Vehumet.
  4432 | D:4      | Reached skill level 10 in Axes
  4432 | D:4      | Reached XP level 7. HP: 56/57 MP: 7/7
  4931 | D:5      | Entered Level 5 of the Dungeon
  5038 | D:5      | Reached skill level 11 in Axes
  5154 | D:5      | Reached skill level 12 in Axes
  5154 | D:5      | Reached XP level 8. HP: 62/64 MP: 8/8
  5460 | D:5      | Found Nuquisutz's CLEARANCE SALE!.
  5509 | D:5      | Bought a scroll of fear for 20 gold pieces
  5509 | D:5      | Bought a scroll of teleportation for 15 gold pieces
  5583 | D:5      | Found a runed translucent gate.
  5583 | D:5      | Noticed Shozle's ghost (novice DEFE)
  5584 | D:5      | Found a runed translucent gate.
  5585 | D:5      | Found a runed translucent gate.
  5696 | D:5      | Reached skill level 13 in Axes
  6791 | D:6      | Reached XP level 9. HP: 73/73 MP: 9/9
  6936 | D:6      | Noticed Edmund
  6947 | D:6      | Killed Edmund
  6948 | D:6      | Reached skill level 5 in Fighting
  7458 | D:6      | Found an ancient bone altar of Kikubaaqudgha.
  7465 | D:6      | Reached skill level 14 in Axes
  7900 | D:7      | Found a staircase to the Ecumenical Temple.
  7914 | D:7      | Reached *** piety under Trog
  8358 | D:7      | Reached skill level 5 in Armour
  8509 | D:7      | Found a snail-covered altar of Cheibriados.
  8910 | D:8      | Reached XP level 10. HP: 84/84 MP: 10/10
  8926 | D:8      | Reached skill level 15 in Axes
 11045 | D:9      | Found a hazy altar of Hepliaklqana.
 11082 | D:9      | Found a staircase to the Orcish Mines.
 11090 | D:9      | Reached skill level 16 in Axes
 11166 | D:9      | Reached **** piety under Trog
 11200 | D:9      | Reached skill level 1 in Throwing
 11394 | D:9      | Reached skill level 1 in Evocations
 11592 | D:9      | Found a large runed translucent door.
 11593 | D:9      | Found a large runed translucent door.
 11930 | D:9      | Reached skill level 5 in Dodging
 12056 | D:9      | Found a glowing golden altar of the Shining One.
 12059 | D:9      | Found a sacrificial altar of Ru.
 12079 | D:10     | Entered Level 10 of the Dungeon
 12350 | D:10     | Found a broken altar of Ashenzari.
 12472 | D:10     | Identified the +2 robe "Jyuhinin" {Fly rC- rCorr Dex+8}
 12523 | D:10     | Reached XP level 11. HP: 94/94 MP: 11/11
 12543 | D:10     | Noticed a two-headed ogre
 12553 | D:10     | Killed a two-headed ogre
 13190 | D:11     | Noticed a seven-headed hydra
 13198 | D:11     | Killed a seven-headed hydra
 13368 | D:11     | Found a shadowy altar of Dithmenos.
 13426 | D:11     | Found Kaxyipru's Weapon Shoppe.
 13434 | D:11     | Bought a +0 war axe of flaming for 91 gold pieces
 13586 | D:11     | Noticed a boulder beetle
 13605 | D:11     | Killed a boulder beetle
 13606 | D:11     | Reached skill level 17 in Axes
 13683 | D:11     | Found a staircase to the Lair.
 14040 | D:11     | Noticed a boulder beetle
 14057 | D:11     | Killed a boulder beetle
 14365 | D:11     | Identified the +2 scale mail of Action {rC+}
 14628 | Lair:1   | Entered Level 1 of the Lair of Beasts
 14757 | Lair:1   | Reached skill level 5 in Throwing
 14852 | Lair:1   | You fall into a shaft and drop 1 floor!
 14879 | Lair:2   | Reached XP level 12. HP: 56/104 MP: 12/12
 15478 | Lair:1   | Reached skill level 18 in Axes
 16369 | Lair:2   | Noticed a seven-headed hydra
 16376 | Lair:2   | Killed a three-headed hydra
 16517 | Lair:2   | Reached skill level 5 in Evocations
 16752 | Lair:2   | Reached skill level 10 in Fighting
 17727 | Lair:3   | Found a staircase to the Shoals.
 18235 | Lair:3   | Found a staircase to the Snake Pit.
 19032 | Snake:1  | Entered Level 1 of the Snake Pit
 19032 | Snake:1  | Noticed a naga warrior
 19208 | Lair:4   | Noticed Urug
 19215 | Lair:4   | Killed Urug
 19216 | Lair:4   | Reached XP level 13. HP: 114/114 MP: 13/13
 19276 | Lair:4   | Reached skill level 19 in Axes
 19281 | Lair:4   | Noticed Sonja
 19292 | Lair:4   | Killed Sonja
 19698 | Lair:4   | Noticed Nessos
 19723 | Lair:4   | HP: 1/114 [Nessos/arrow (6)]
 19726 | Lair:4   | Killed Nessos
 20478 | Lair:4   | Found a staircase to the Slime Pits.
 21026 | Lair:5   | Entered Level 5 of the Lair of Beasts
 21565 | Lair:5   | Reached ***** piety under Trog
 21956 | Lair:5   | Identified the +6 scale mail "Gacoego" {rPois Will++ Dex-5
                  | SInv}
 22145 | Lair:5   | Identified the +1 helmet of the Endless Expanse {rC+ rCorr
                  | Str+2}
 22350 | Lair:5   | Reached skill level 10 in Armour
 22460 | Lair:5   | Reached skill level 20 in Axes
 22724 | Lair:5   | Reached XP level 14. HP: 102/125 MP: 14/14
 23437 | Orc:1    | Entered Level 1 of the Orcish Mines
 23583 | Orc:1    | Found a roughly hewn altar of Beogh.
 23944 | Orc:2    | Entered Level 2 of the Orcish Mines
 23952 | Orc:2    | Found a burning altar of Makhleb.
 24099 | Orc:2    | Found a staircase to the Elven Halls.
 24195 | Orc:2    | Found Zueham's Jewellery Shoppe.
 24642 | Orc:1    | HP: 6/127 [deep troll (14)]
 24642 | Orc:1    | Slain by a deep troll

Illustrated notes

Levels and vault maps discovered:
D:1:      wheals_arrival_linesprint, layout_loops_ring, minmay_pentomino_o4
D:2:      wad_river_or_something, layout_basic, kennysheep_generic_room_10,
          uniq_robin
D:3:      minmay_wonky_spiral, layout_basic, mainiacjoe_overflow_tiny_flanked,
          kennysheep_generic_room_4
D:4:      layout_basic, vehumet_crystals, hangedman_feature_mirror,
          nrook_mini_backslash
D:5:      layout_basic, gammafunk_ghost_split, nicolae_shop_clearance
D:6:      layout_loops_cross, lemuel_mausoleum_altar_kikubaaqudgha, uniq_edmund
D:7:      layout_cave_pools, mainiacjoe_overflow_alcove_1,
          minmay_temple_entry_butterflies, minmay_tree_intersection
D:8:      layout_layer_cave
D:9:      layout_irregular_city, mainiacjoe_overflow_24_doors,
          jmf_multi_god_temple2, orc_0_dummy, palyth_stone_intersect,
          minmay_misc_feat_pillars, chequers_serial_rivers_micro_c,
          minivault_21, minmay_quadrilaterals
D:10:     layout_small_grid, old_standard_altar
D:11:     layout_small_grid, erik_lair_orcish_takeover, serial_shops,
          nicolae_shop_bloodbath_and_beyond, portal_ice_cave_entry_imps,
          nicolae_dithmenos_the_darkroom
Lair:1:   layout_regular_city
Lair:2:   layout_regular_city, grunt_megastairs_2
Lair:3:   layout_roguey, elwin_shoals_entry_rooms, dummy_snake_entry,
          infiniplex_staircase_pool, lemuel_fruit_tree
Lair:4:   layout_roguey, slime_entry_1, chequers_serial_rivers_small_b,
          grunt_megastairs_4, uniq_urug, uniq_nessos, uniq_sonja
Lair:5:   hangedman_lair_in_review, layout_small_grid, fungi_pond_lemuel,
          wad_woods_river_04, hangedman_lair_generics_rect
Snake:1:  layout_chambers, serial_shops, nicolae_shop_stone
Orc:1:    layout_diamond_mine, mines1_david
Orc:2:    st_orc_open, layout_caves, lightli_volcano_entry_magma_tube,
          bloody_makhleb

Skill      XL: |  1  2  3  4  5  6  7  8  9 10 11 12 13 14 |
---------------+-------------------------------------------+-----
Axes           | 5 6 7 8 10 12 13 14 16 17 18 20 | 20.0
Fighting       | 4 6 8 9 10 11 12 | 12.5
Dodging        | 2 4 5 6 7 8 |  8.5
Armour         | 3 5 6 7 9 10 11 | 11.1
Throwing       | 2 5 |  5.2
Evocations     | 1 3 5 7 8 |  8.2

Action                   |  1- 3 |  4- 6 |  7- 9 | 10-12 | 13-15 || total
-------------------------+-------+-------+-------+-------+-------++-------
Melee: Hand axe          |    92 |    94 |       |       |       ||   186
       Punch             |     1 |     3 |     1 |       |       ||     5
       War axe           |       |    42 |   144 |     4 |    11 ||   201
       Battleaxe         |       |       |    55 |   517 |   316 ||   888
       Dire flail        |       |       |       |     4 |       ||     4
 Fire: Sling             |       |       |       |     9 |       ||     9
       Longbow           |       |       |       |       |     2 ||     2
Throw: Dart              |       |       |       |     2 |     1 ||     3
Invok: Berserk           |     4 |     5 |     5 |    10 |     4 ||    28
       Trog's Hand       |       |     1 |       |       |     2 ||     3
       Brothers in Arms  |       |       |       |       |     1 ||     1
Evoke: Wand              |       |       |       |     2 |     4 ||     6
  Use: Scroll            |     7 |     4 |    12 |     9 |     2 ||    34
       Potion            |       |     1 |     1 |     4 |     4 ||    10
 Stab: Paralysed         |       |       |     1 |       |       ||     1
Armor: Animal skin       |    11 |       |       |       |       ||    11
       Leather armour    |    17 |       |       |       |       ||    17
       Ring mail         |     2 |    44 |    47 |       |       ||    93
       Chain mail        |       |       |    73 |   295 |       ||   368
       Scale mail        |       |       |       |   132 |   221 ||   353
Dodge: Dodged            |    63 |    68 |    94 |   344 |   223 ||   792
